 Dungeon Crawl Stone Soup version 0.19-a0-1886-gd64a0f0 (webtiles) character file.

72 vev the Skirmisher (level 4, -1/42 HPs)
             Began as a Tengu Abyssal Knight on Oct 16, 2016.
             Was a Follower of Lugonu.
             Succumbed to a hornet's poison
             ... on level 3 of the Dungeon.
             The game lasted 00:02:42 (1652 turns).

vev the Skirmisher (Tengu Abyssal Knight)           Turns: 1652, Time: 00:02:43

Health: -1/42      AC:  8    Str: 18    XL:     4   Next: 26%
Magic:  6/6        EV:  8    Int: 12    God:    Lugonu [*.....]
Gold:   35         SH:  0    Dex: 14    Spells: 0 memorised, 3 levels left

rFire  . . .     SeeInvis .       - Unarmed
rCold  . . .     Gourm    .     g - +0 chain mail
rNeg   . . .     Faith    .     (no shield)
rPois  .         Spirit   .     (helmet restricted)
rElec  .         Dismiss  .     (no cloak)
rCorr  .         Reflect  .     (no gloves)
MR     .....     Harm     .     (boots unavailable)
Stlth  ..........               (no amulet)
                                (no ring)
                                (no ring)

@: berserking, lethally poisoned (-1 -> -12), very slightly contaminated,
slowed, invisible
A: beak, talons 3
a: Depart the Abyss, Renounce Religion


You were on level 3 of the Dungeon.
You worshipped Lugonu.
Lugonu was aware of your devotion.
You were not hungry.

You visited 1 branch of the dungeon, and saw 3 of its levels.
You visited the Abyss 1 time.

You collected 35 gold pieces.

Inventory:

Armour
 a - a +0 leather armour
 g - a +0 chain mail (worn)
Scrolls
 c - 3 scrolls of amnesia {unknown}
 d - a scroll of teleportation {unknown}
 h - 2 scrolls of random uselessness {unknown}
Potions
 j - a potion of might {unknown}
 k - a potion of invisibility
Comestibles
 b - 3 bread rations
 i - 6 chunks of flesh
 l - a meat ration


   Skills:
 + Level 3.4 Fighting
 + Level 2.6 Armour
 + Level 2.0 Dodging
 * Level 3.1 Unarmed Combat
 + Level 2.2 Invocations


You had 3 spell levels left.
You didn't know any spells.

Dungeon Overview and Level Annotations

Branches:
Dungeon (3/15)

Altars:
Okawaru


Innate Abilities, Weirdness & Mutations

You have a beak for a mouth.
You have claws for feet.


Message History

You hit the hornet but do no damage. Your peck misses the hornet.
The hornet stings you!
You are poisoned.
You feel yourself slow down.
You feel better. The hornet stings you!
You feel as though you will be slow longer.
The hornet completely misses you. The hornet stings you.
You are poisoned.
You feel as though you will be slow longer.
You feel sick. The hornet barely misses you.
You hit the hornet but do no damage. Your kick misses the hornet.
You feel sick. The hornet stings you!
* * * LOW HITPOINT WARNING * * *
You are more poisoned.
You feel as though you will be slow longer.
The hornet completely misses you.
It was a potion of berserk rage.
A red film seems to cover your vision as you go berserk!
You feel yourself moving faster!
You feel mighty!
You die...

#...( #....# +....#
#....# #########
#....# #.......#
###....# #.#####.#
#......####'###...#
#......y.....##.###
#.....@......##.#
#............##.#
......######'###.#
...... #.# #.#
..... #.# #.# ..
############.#
#.#.... #>......#
#.#.#..##
#######.#######
#.#...... ......#.#
#.#...#.#


You could see a hornet.

Vanquished Creatures
  Terence (D:3)
  An adder (D:2)
  A dart slug (D:1)
  2 orcs (D:3)
  A giant cockroach (D:2)
  A goblin (D:2)
  3 hobgoblins
  4 jackals
  5 kobolds
  A ball python (D:1)
  3 bats
  A frilled lizard (D:2)
  12 rats
36 creatures vanquished.

Notes
Turn   | Place    | Note
-------+----------+-------------------------------------------
     0 | Abyss:1  | vev the Tengu Abyssal Knight began the quest for the Orb.
     0 | Abyss:1  | Reached XP level 1. HP: 14/14 MP: 3/3
    39 | Abyss:1  | Noticed a small abomination
    44 | Abyss:1  | Noticed an earth elemental
    72 | Abyss:1  | Noticed a small abomination
    76 | D:1      | Escaped the Abyss
   265 | D:2      | Reached XP level 2. HP: 14/19 MP: 4/4
   616 | D:2      | Reached * piety under Lugonu
   641 | D:2      | Reached XP level 3. HP: 22/23 MP: 5/5
  1085 | D:1      | Reached skill level 2 in Invocations
  1559 | D:3      | Found an iron altar of Okawaru.
  1560 | D:3      | Noticed Terence
  1575 | D:3      | Killed Terence
  1575 | D:3      | Reached skill level 2 in Dodging
  1575 | D:3      | Reached skill level 3 in Unarmed Combat
  1575 | D:3      | Reached XP level 4. HP: 28/28 MP: 6/6
  1646 | D:3      | Noticed a hornet
  1651 | D:3      | HP: 1/28 [hornet (11)]
  1652 | D:3      | Succumbed to a hornet's poison

Vault maps used:
D:1:      dpeg_arrival_refuge, serial_bayou_crossing
D:3:      okawaru_gym_becter, nicolae_overflow_crystal_walls, uniq_terence

Skill      XL: |  1  2  3 |
---------------+----------+-----
Invocations    | 2 |  2.2
Dodging        | 2 |  2.0
Unarmed Combat | 3 |  3.1
Fighting       | |  3.4
Armour         | |  2.6

Action                   |  1- 3 |  4- 6 || total
-------------------------+-------+-------++-------
Melee: Unarmed           |   117 |     8 ||   125
       Kick              |    31 |       ||    31
       Peck              |    15 |       ||    15
       Punch             |     1 |       ||     1
Invok: Depart the Abyss  |     1 |       ||     1
  Use: Potion            |     2 |     3 ||     5
  Eat: Chunk             |     2 |       ||     2
Armor: Leather armour    |     5 |       ||     5
       Chain mail        |    43 |       ||    43
       Skin              |     5 |     2 ||     7
Dodge: Dodged            |    47 |     4 ||    51
